TOP OF THE 1ST |
Menlo Maniacs batting - Pitching for Riverside Red Bulls : RHP Shawn Montoya
|
Pitching: RHP Shawn Montoya
|
|
Batting: RHB Jason Blair
|
0-0: Called Strike 0-1: Ball 1-1: Swinging Strike 1-2: Strikes out swinging wild pitch, reaches first!
|
Batting: RHB Miguel González
|
0-0: Ball Jason Blair is caught stealing 2nd base 1-0: Ball 2-0: DOUBLE (Line Drive, 89M)
|
Batting: LHB Tim Ramsey
|
0-0: Ball 1-0: Called Strike Miguel González steals 3rd base 1-1: Foul Ball, location: 2F 1-2: Ball 2-2: DOUBLE (Popup, 4D) Miguel González scores
|
Batting: LHB José Peralta
|
0-0: Ball 1-0: Foul Ball, location: 2F 1-1: Swinging Strike 1-2: Ball 2-2: DOUBLE (Line Drive, 9D) Tim Ramsey scores
|
Batting: RHB Héctor Vázquez
|
0-0: Ball 1-0: Called Strike 1-1: Foul Ball, location: 2F 1-2: Ball 2-2: Strikes out swinging
|
Batting: LHB Bernardo Rodríguez
|
0-0: Called Strike 0-1: Fly out, F6 (Line Drive, 6)
|
Top of the 1st over - 2 run(s), 3 hit(s), 0 error(s), 1 left on base; Menlo 2 - Riverside 0 |
TOP OF THE 2ND |
Menlo Maniacs batting - Pitching for Riverside Red Bulls : RHP Shawn Montoya
|
Batting: LHB Robby Lawson
|
0-0: Called Strike 0-1: Ball 1-1: Foul Ball, location: 2F 1-2: Ball 2-2: Foul Ball, location: 2F 2-2: SINGLE (Flyball, 7LS)
|
Batting: RHB Gilberto León
|
0-0: Called Strike 0-1: Fly out, F5 (Popup, 56)
|
Batting: RHB Kyle Mann
|
0-0: Reached on error, E6 (Popup, 56D) Robby Lawson to second
|
Batting: RHB Jason Blair
|
0-0: Called Strike 0-1: Ball 1-1: Ball 2-1: Foul Ball, location: 2F 2-2: Strikes out swinging
|
Batting: RHB Miguel González
|
0-0: Swinging Strike 0-1: Fielders Choice at 2nd, 6-4 (Groundball, 6)
|
Top of the 2nd over - 0 run(s), 1 hit(s), 1 error(s), 1 left on base; Menlo 2 - Riverside 1 |
BOTTOM OF THE 2ND |
Riverside Red Bulls batting - Pitching for Menlo Maniacs : LHP Raúl Fernández
|
Batting: RHB Patrick Daniels
|
0-0: Foul Ball, location: 2F 0-1: Ground out 6-3 (Groundball, 6)
|
Batting: RHB Erik Carter
|
0-0: Called Strike 0-1: Swinging Strike 0-2: Foul Ball, location: 2F 0-2: Ball 1-2: Ball 2-2: Ball 3-2: Fly out, F8 (Flyball, 8RM)
|
Batting: RHB Gilberto Tovar
|
0-0: Called Strike 0-1: Ball 1-1: Called Strike 1-2: Ball 2-2: Strikes out swinging
|
Bottom of the 2nd over - 0 run(s), 0 hit(s), 0 error(s), 0 left on base; Menlo 2 - Riverside 1 |
TOP OF THE 3RD |
Menlo Maniacs batting - Pitching for Riverside Red Bulls : RHP Shawn Montoya
|
Batting: LHB Tim Ramsey
|
0-0: Ball 1-0: Foul Ball, location: 2F 1-1: Foul Ball, location: 2F 1-2: SOLO HOME RUN (Flyball, 89XD), Distance : 400 ft
|
Batting: LHB José Peralta
|
0-0: Ball 1-0: TRIPLE (Line Drive, 9LS)
|
Batting: RHB Héctor Vázquez
|
0-0: Called Strike 0-1: Foul Ball, location: 2F 0-2: Foul Ball, location: 2F 0-2: Strikes out looking
|
Batting: LHB Bernardo Rodríguez
|
0-0: Foul Ball, location: 2F 0-1: Ball 1-1: Swinging Strike 1-2: Foul Ball, location: 2F 1-2: Foul Ball, location: 2F 1-2: SINGLE (Line Drive, 8LS) José Peralta scores
|
Batting: LHB Robby Lawson
|
0-0: Called Strike 0-1: Swinging Strike 0-2: Ball 1-2: Strikes out swinging
|
Batting: RHB Gilberto León
|
0-0: Ball 1-0: Foul Ball, location: 2F 1-1: Ball 2-1: Swinging Strike 2-2: Strikes out swinging
|
Top of the 3rd over - 2 run(s), 3 hit(s), 0 error(s), 1 left on base; Menlo 4 - Riverside 1 |
BOTTOM OF THE 3RD |
Riverside Red Bulls batting - Pitching for Menlo Maniacs : LHP Raúl Fernández
|
Batting: RHB Pedro Lara
|
0-0: Fly out, F9 (Flyball, 9D)
|
Batting: RHB Lakota O'Reilly
|
0-0: Ball 1-0: Swinging Strike 1-1: Called Strike 1-2: Strikes out swinging
|
Batting: LHB Nathan Frey
|
0-0: Ball 1-0: Called Strike 1-1: SOLO HOME RUN (Flyball, 9D), Distance : 412 ft
|
Batting: RHB Brandon Pope
|
0-0: Ball 1-0: Foul Ball, location: 2F 1-1: Ball 2-1: Ball 3-1: Called Strike 3-2: Strikes out swinging, 2-3 out at first.
|
Bottom of the 3rd over - 1 run(s), 1 hit(s), 0 error(s), 0 left on base; Menlo 4 - Riverside 2 |
TOP OF THE 4TH |
Menlo Maniacs batting - Pitching for Riverside Red Bulls : RHP Shawn Montoya
|
Batting: RHB Kyle Mann
|
0-0: Foul Ball, location: 2F 0-1: Ball 1-1: Fly out, F9 (Flyball, 9S)
|
Batting: RHB Jason Blair
|
0-0: Called Strike 0-1: SINGLE (Line Drive, 89S)
|
Batting: RHB Miguel González
|
0-0: Ball Jason Blair is caught stealing 2nd base 1-0: Ball 2-0: Ball 3-0: Base on Balls
|
Pitching: RHP Gustavo Castillo
|
|
Batting: LHB Tim Ramsey
|
0-0: Called Strike 0-1: Ball 1-1: Foul Ball, location: 2F 1-2: SINGLE (Line Drive, 34D) Miguel González to second Runner from 2nd tries for 3rd, SAFE, throw made to third Tim Ramsey to second
|
Batting: LHB José Peralta
|
0-0: Called Strike 0-1: Fly out, F5 (Popup, 5L)
|
Top of the 4th over - 0 run(s), 2 hit(s), 0 error(s), 2 left on base; Menlo 4 - Riverside 2 |
BOTTOM OF THE 4TH |
Riverside Red Bulls batting - Pitching for Menlo Maniacs : LHP Raúl Fernández
|
Batting: SHB Enrique Uribe
|
0-0: Ball 1-0: Called Strike 1-1: Ball 2-1: Ball 3-1: Base on Balls
|
Batting: LHB William Wolf
|
0-0: Ball 1-0: Grounds into double play, 6-4-3 (Groundball, 6)
|
Batting: RHB Patrick Daniels
|
0-0: Ball 1-0: Ball 2-0: Called Strike 2-1: Foul Ball, location: 2F 2-2: Ball 3-2: Fly out, F5 (Popup, 5L)
|
Bottom of the 4th over - 0 run(s), 0 hit(s), 0 error(s), 0 left on base; Menlo 4 - Riverside 2 |
TOP OF THE 5TH |
Menlo Maniacs batting - Pitching for Riverside Red Bulls : RHP Gustavo Castillo
|
Batting: RHB Héctor Vázquez
|
0-0: Called Strike 0-1: Called Strike 0-2: Strikes out swinging
|
Batting: LHB Bernardo Rodríguez
|
0-0: Foul Ball, location: 2F 0-1: Ball 1-1: Ground out 6-3 (Groundball, 6S)
|
Batting: LHB Robby Lawson
|
0-0: Ball 1-0: Ball 2-0: Foul Ball, location: 2F 2-1: Foul Ball, location: 2F 2-2: Foul Ball, location: 2F 2-2: Strikes out looking
|
Top of the 5th over - 0 run(s), 0 hit(s), 0 error(s), 0 left on base; Menlo 4 - Riverside 2 |
BOTTOM OF THE 5TH |
Riverside Red Bulls batting - Pitching for Menlo Maniacs : LHP Raúl Fernández
|
Batting: RHB Erik Carter
|
0-0: Ground out 5-3 (Groundball, 56)
|
Batting: RHB Gilberto Tovar
|
0-0: Foul Ball, location: 2F 0-1: Ground out 6-3 (Groundball, 56)
|
Batting: RHB Pedro Lara
|
0-0: Ball 1-0: Swinging Strike 1-1: Swinging Strike 1-2: Strikes out swinging
|
Bottom of the 5th over - 0 run(s), 0 hit(s), 0 error(s), 0 left on base; Menlo 4 - Riverside 2 |
TOP OF THE 6TH |
Menlo Maniacs batting - Pitching for Riverside Red Bulls : RHP Gustavo Castillo
|
Batting: RHB Gilberto León
|
0-0: Swinging Strike 0-1: Ground out 5-3 (Groundball, 56)
|
Batting: RHB Kyle Mann
|
0-0: Called Strike 0-1: Foul Ball, location: 2F 0-2: Fly out, F9 (Flyball, 9S)
|
Batting: RHB Jason Blair
|
0-0: Called Strike 0-1: Fly out, F8 (Flyball, 8RD)
|
Top of the 6th over - 0 run(s), 0 hit(s), 0 error(s), 0 left on base; Menlo 4 - Riverside 2 |
BOTTOM OF THE 6TH |
Riverside Red Bulls batting - Pitching for Menlo Maniacs : LHP Raúl Fernández
|
Batting: RHB Lakota O'Reilly
|
0-0: Fly out, F5 (Popup, 5L)
|
Batting: LHB Nathan Frey
|
0-0: Ball 1-0: Called Strike 1-1: Called Strike 1-2: Ball 2-2: Foul Ball, location: 2F 2-2: Fly out, F8 (Flyball, 8RS)
|
Batting: RHB Brandon Pope
|
0-0: Ball 1-0: Ball 2-0: SOLO HOME RUN (Flyball, 9D), Distance : 390 ft
|
Batting: SHB Enrique Uribe
|
0-0: Called Strike 0-1: Ball 1-1: Fly out, F9 (Line Drive, 89M)
|
Bottom of the 6th over - 1 run(s), 1 hit(s), 0 error(s), 0 left on base; Menlo 4 - Riverside 3 |
TOP OF THE 7TH |
Menlo Maniacs batting - Pitching for Riverside Red Bulls : RHP Gustavo Castillo
|
Batting: RHB Miguel González
|
0-0: Ball 1-0: Called Strike 1-1: Foul Ball, location: 2F 1-2: Ball 2-2: SINGLE (Flyball, 4D)
|
Batting: LHB Tim Ramsey
|
0-0: Ball Miguel González steals 2nd base 1-0: Ball 2-0: Called Strike 2-1: Foul Ball, location: 2F 2-2: Ball 3-2: Ground out 4-3 (Groundball, 4) Miguel González to third
|
Batting: LHB José Peralta
|
0-0: Called Strike 0-1: Swinging Strike 0-2: 2-RUN HOME RUN (Flyball, 8RXD), Distance : 427 ft
|
Pitching: RHP Bill Muñóz
|
|
Batting: RHB Héctor Vázquez
|
0-0: Swinging Strike 0-1: Ground out 4-3 (Groundball, 34D)
|
Batting: LHB Bernardo Rodríguez
|
0-0: Ball 1-0: Called Strike 1-1: Foul Ball, location: 2F 1-2: Ball 2-2: SOLO HOME RUN (Flyball, 8RXD), Distance : 431 ft
|
Batting: LHB Robby Lawson
|
0-0: Called Strike 0-1: Foul Ball, location: 2F 0-2: Ball 1-2: Strikes out swinging
|
Top of the 7th over - 3 run(s), 3 hit(s), 0 error(s), 0 left on base; Menlo 7 - Riverside 3 |
BOTTOM OF THE 7TH |
Riverside Red Bulls batting - Pitching for Menlo Maniacs : LHP Raúl Fernández
|
Batting: LHB William Wolf
|
0-0: Ball 1-0: Called Strike 1-1: Fly out, F5 (Popup, 5S)
|
Batting: RHB Patrick Daniels
|
0-0: Ball 1-0: Foul Ball, location: 2F 1-1: Ball 2-1: Ball 3-1: Swinging Strike 3-2: Base on Balls
|
Batting: RHB Erik Carter
|
0-0: Called Strike 0-1: Foul Ball, location: 2F 0-2: Ball 1-2: Foul Ball, location: 2F 1-2: Strikes out swinging
|
Batting: RHB Gilberto Tovar
|
0-0: Fly out, F7 (Line Drive, 7)
|
Bottom of the 7th over - 0 run(s), 0 hit(s), 0 error(s), 1 left on base; Menlo 7 - Riverside 3 |
TOP OF THE 8TH |
Menlo Maniacs batting - Pitching for Riverside Red Bulls : RHP Bill Muñóz
|
Batting: RHB Gilberto León
|
0-0: Fly out, F9 (Flyball, 9LS)
|
Batting: RHB Kyle Mann
|
0-0: Swinging Strike 0-1: Fly out, F9 (Flyball, 9D)
|
Batting: RHB Jason Blair
|
0-0: Called Strike 0-1: Called Strike 0-2: Foul Ball, location: 2F 0-2: Foul Ball, location: 2F 0-2: Ground out 6-3 (Groundball, 6)
|
Top of the 8th over - 0 run(s), 0 hit(s), 0 error(s), 0 left on base; Menlo 7 - Riverside 3 |
BOTTOM OF THE 8TH |
Riverside Red Bulls batting - Pitching for Menlo Maniacs : LHP Raúl Fernández
|
Pitching: LHP Joe Jenkins
|
|
Batting: RHB Pedro Lara
|
0-0: Ball 1-0: Called Strike 1-1: Called Strike 1-2: Ball 2-2: Ball 3-2: SOLO HOME RUN (Flyball, 8LXD) (Inside the Park)
|
Batting: RHB Lakota O'Reilly
|
0-0: Called Strike 0-1: Foul Ball, location: 2F 0-2: Ball 1-2: Ground out 1-3 (Groundball, 15S)
|
Batting: LHB Nathan Frey
|
0-0: Called Strike 0-1: Ball 1-1: Foul Ball, location: 2F 1-2: Foul Ball, location: 2F 1-2: Strikes out swinging
|
Batting: RHB Brandon Pope
|
0-0: Called Strike 0-1: Ball 1-1: Foul Ball, location: 2F 1-2: Ball 2-2: Fly out, F8 (Flyball, 78D)
|
Bottom of the 8th over - 1 run(s), 1 hit(s), 0 error(s), 0 left on base; Menlo 7 - Riverside 4 |
TOP OF THE 9TH |
Menlo Maniacs batting - Pitching for Riverside Red Bulls : RHP Bill Muñóz
|
Batting: RHB Miguel González
|
0-0: Foul Ball, location: 2F 0-1: Ball 1-1: Ground out 1-3 (Groundball, 13)
|
Batting: LHB Tim Ramsey
|
0-0: Called Strike 0-1: Ball 1-1: Foul Ball, location: 2F 1-2: Ball 2-2: Strikes out swinging
|
Batting: LHB José Peralta
|
0-0: SOLO HOME RUN (Flyball, 89XD), Distance : 417 ft
|
Pitching: LHP Curt Bennett
|
|
Batting: RHB Héctor Vázquez
|
0-0: Called Strike 0-1: Reached on error, E9 (Flyball, 9S)
|
Batting: LHB Bernardo Rodríguez
|
0-0: Ball 1-0: Foul Ball, location: 2F 1-1: Ball 2-1: Called Strike 2-2: Ball 3-2: Foul Ball, location: 2F 3-2: 2-RUN HOME RUN (Flyball, 9LD), Distance : 389 ft
|
Batting: LHB Robby Lawson
|
0-0: Ball 1-0: Foul Ball, location: 2F 1-1: Swinging Strike 1-2: Fly out, F7 (Flyball, 78XD)
|
Top of the 9th over - 3 run(s), 2 hit(s), 1 error(s), 0 left on base; Menlo 10 - Riverside 4 |
BOTTOM OF THE 9TH |
Riverside Red Bulls batting - Pitching for Menlo Maniacs : LHP Joe Jenkins
|
Now in LF: Byron Bracy
|
|
Now in CF: Ryan Holcomb
|
|
Batting: SHB Enrique Uribe
|
0-0: Fly out, F7 (Flyball, 78M)
|
Batting: LHB William Wolf
|
0-0: Ball 1-0: Foul Ball, location: 2F 1-1: Reached on error, E1 (Groundball, 13)
|
Batting: RHB Patrick Daniels
|
0-0: Ball 1-0: Fly out, F3 (Popup, 3L)
|
Batting: RHB Erik Carter
|
0-0: Ball 1-0: Called Strike 1-1: Foul Ball, location: 2F 1-2: Fly out, F8 (Flyball, 89M)
|
Bottom of the 9th over - 0 run(s), 0 hit(s), 1 error(s), 1 left on base; Menlo 10 - Riverside 4 |
|